 Dungeon Crawl Stone Soup version 0.20.1-1-g8b1a95d (webtiles) character file.

93 Jannitor the Distorting Demonspawn (level 4, 0/38 HPs)
             Began as a Demonspawn Abyssal Knight on Oct 12, 2017.
             Was a Believer of Lugonu.
             Slain by an ogre
             ... wielding a +0 giant spiked club
              (26 damage)
             ... on level 5 of the Dungeon.
             The game lasted 00:04:16 (2993 turns).

Jannitor the Distorting Demonspawn (DsAK)           Turns: 2993, Time: 00:04:17

Health: 0/38       AC:  7    Str: 10 (13) XL:     4   Next: 37%
Magic:  6/6        EV: 13    Int: 13 (14) God:    Lugonu [**....]
Gold:   211        SH:  7    Dex: 16 (17) Spells: 3/3 levels left

rFire    . . .     SeeInvis .   a - +2 mace
rCold    . . .     Gourm    .   p - +0 shield
rNeg     . . .     Faith    .   b - +0 leather armour
rPois    .         Spirit   .   (no helmet)
rElec    .         Reflect  .   o - +0 cloak
rCorr    .         Harm     .   f - +0 pair of gloves
MR       .....                  (no boots)
Stlth    ++........             u - amulet of magic regeneration
Regen    0.2/turn               (no ring)
MPRegen  0.2/turn               (no ring)

@: agile, flying
A: rugged brown scales 2
a: Depart the Abyss, Bend Space, Renounce Religion


You were on level 5 of the Dungeon.
You worshipped Lugonu.
Lugonu was pleased with you.
You were hungry.

You visited 1 branch of the dungeon, and saw 4 of its levels.
You visited the Abyss 1 time.

You collected 211 gold pieces.

Inventory:

Hand Weapons
 a - a +2 mace (weapon)
Armour
 b - a +0 leather armour (worn)
 f - a +0 pair of gloves (worn)
 o - a +0 cloak (worn)
 p - a +0 shield (worn)
Jewellery
 u - an amulet of magic regeneration (around neck)
Scrolls
 d - a scroll of recharging
 g - 2 scrolls of identify
 l - 3 scrolls of enchant weapon
 m - a scroll of enchant armour {unknown}
 q - a scroll of blinking
 r - a scroll of teleportation
Potions
 h - 3 potions of mutation
 j - a potion of curing
Comestibles
 c - 2 bread rations
 k - a fruit
 t - a meat ration
 v - a royal jelly


   Skills:
 + Level 3.8 Fighting
 + Level 2.5 Maces & Flails
 - Level 1.7 Armour
 - Level 0.8 Dodging
 + Level 1.0 Shields
 + Level 3.9 Invocations


You had 3 spell levels left.
You didn't know any spells.

Dungeon Overview and Level Annotations

Branches:
Dungeon (3/15)

Altars:
Trog
Xom


Innate Abilities, Weirdness & Mutations

You are mostly covered in rugged brown scales. (AC +2, +5% HP)


Message History

You hit the ogre.
The ogre is lightly wounded.
You block the ogre's attack.
You hit the ogre.
The ogre is moderately wounded.
You hit the ogre.
The ogre is moderately wounded.
The ogre hits you with a giant spiked club!
You closely miss the ogre.
The ogre is moderately wounded.
You block the ogre's attack.
You hit the ogre.
The ogre is moderately wounded.
The ogre barely misses you.
You barely miss the ogre.
The ogre is moderately wounded.
The ogre misses you.
The ogre hits you with a giant spiked club!!
Ouch! That really hurt!
You die...

.. ... #.#
#..# #..# #
#..######...#
#...@Ocs...#
##..#####...
##........
###...#..
...... .....
..s#. ..# ..#


You could see an ogre, a centaur and a scorpion.

Vanquished Creatures
  2 adders
  3 worms (D:2)
  A dart slug (D:1)
  7 bats
  6 giant cockroaches
  7 goblins
  8 hobgoblins
  5 jackals (D:2)
  A quokka (D:2)
  5 frilled lizards
  4 kobolds
  15 rats
64 creatures vanquished.

Notes
Turn   | Place    | Note
-------+----------+-------------------------------------------
     0 | Abyss:1  | Jannitor the Demonspawn Abyssal Knight began the quest for the Orb.
     0 | Abyss:1  | Reached XP level 1. HP: 18/18 MP: 2/2
    53 | Abyss:1  | Noticed a human
    63 | Abyss:1  | Noticed an orange demon
    67 | D:1      | Escaped the Abyss
   389 | D:1      | Reached * piety under Lugonu
   397 | D:1      | Gained mutation: You are partially covered in rugged brown scales. (AC +1, +3% HP) [demonic ancestry]
   397 | D:1      | Reached XP level 2. HP: 18/24 MP: 4/4
  1082 | D:1      | Gained mutation: You are mostly covered in rugged brown scales. (AC +2, +5% HP) [demonic ancestry]
  1082 | D:1      | Reached XP level 3. HP: 18/30 MP: 5/5
  1646 | D:2      | Reached ** piety under Lugonu
  2569 | D:2      | Reached XP level 4. HP: 32/38 MP: 6/6
  2873 | D:3      | Reached skill level 1 in Shields
  2937 | D:3      | Found a shimmering altar of Xom.
  2937 | D:3      | Found a bloodstained altar of Trog.
  2978 | D:3      | You fall through a shaft for 2 floors!
  2978 | D:5      | Entered Level 5 of the Dungeon
  2979 | D:5      | Noticed an ogre
  2980 | D:5      | Noticed a centaur
  2993 | D:5      | Slain by an ogre

Skill      XL: |  1  2  3  4 |
---------------+-------------+-----
Invocations    | 3 |  3.9
Maces & Flails | 2 |  2.5
Shields        | 1 |  1.0
Fighting       | |  3.8
Armour         | |  1.7
Dodging        | |  0.8

Action                   |  1- 3 |  4- 6 || total
-------------------------+-------+-------++-------
Melee: Mace              |   144 |    30 ||   174
Invok: Depart the Abyss  |     1 |       ||     1
  Use: Scroll            |     1 |     6 ||     7
       Potion            |       |     6 ||     6
  Eat: Chunk             |     5 |     1 ||     6
Armor: Leather armour    |    68 |     9 ||    77
Dodge: Dodged            |    84 |    11 ||    95
Block: Shield            |    20 |    11 ||    31
